 Dungeon Crawl Stone Soup version 0.28-a0-612-gcfc00ec14d (webtiles) character file.

Game seed: 5105363617510280744

140 AlleluiaPinecone the Sneak (level 5, 0/26 HPs)
             Began as a Vine Stalker Brigand on Oct 5, 2021.
             Was a Follower of Uskayaw.
             Blown up by Ijyb (17 damage)
             ... with a mindburst bolt
             ... on level 4 of the Dungeon.
             The game lasted 00:07:02 (2925 turns).

AlleluiaPinecone the Sneak (Vine Stalker Brigand)   Turns: 2925, Time: 00:07:03

Health: 0/26       AC:  7    Str: 13    XL:     5   Next: 22%
Magic:  0/6        EV: 24    Int: 11    God:    Uskayaw [*.....]
Gold:   75         SH:  0    Dex: 17    Spells: 4/4 levels left

rFire   . . .      SeeInvis .   a - +2 dagger
rCold   . . .      Faith    .   (no shield)
rNeg    . . .      Spirit   +   i - +0 scale mail
rPois   .          Reflect  .   (no helmet)
rElec   .          Harm     .   c - +0 cloak
rCorr   .          Rampage  .   (no gloves)
Will    .....                   (no boots)
Stlth   ++........              j - amulet of the acrobat
HPRegen 1.08/turn               (no ring)
MPRegen 0.10/turn               (no ring)

@: acrobatic
A: fangs 2, regeneration 1, magic shield, antimagic bite, no potion heal 2
a: Renounce Religion, Stomp


You were on level 4 of the Dungeon.
You worshipped Uskayaw.
Uskayaw was noncommittal.
You visited 1 branch of the dungeon, and saw 4 of its levels.

You collected 75 gold pieces.

Inventory:

Hand Weapons
 a - a +2 dagger (weapon)
Missiles
 b - 46 stones
 d - 8 poisoned darts (quivered)
 e - 2 curare-tipped darts
Armour
 c - a +0 cloak (worn)
 i - a +0 scale mail (worn)
Jewellery
 j - an amulet of the acrobat (around neck)
Wands
 l - a wand of paralysis (8)
Scrolls
 g - 2 scrolls of torment
Potions
 f - a potion of lignification
 k - a potion of flight {unknown}


   Skills:
 + Level 2.3 Fighting
 + Level 2.9 Short Blades
 + Level 2.0 Throwing
 + Level 1.3 Armour
 + Level 1.1 Dodging
 + Level 6.0 Stealth


You had 4 spell levels left.
You didn't know any spells.
Your spell library contained the following spells:

 Spells                   Type           Power      Damage    Failure   Level
 Animate Skeleton         Necr           0%         N/A       86%         1
 Apportation              Tloc           0%         N/A       86%         1
 Foxfire                  Conj/Fire      0%         2x1d4     86%         1
 Summon Small Mammal      Summ           0%         N/A       86%         1
 Conjure Flame            Conj/Fire      0%         6-21      99%         3
 Inner Flame              Hex/Fire       0%         N/A       99%         3
 Flame Wave               Conj/Fire      0%         3d3       100%        4


Dungeon Overview and Level Annotations

Branches:
Dungeon (4/15)
 Temple: D:4-7

Altars:
Hepliaklqana
Sif Muna
Uskayaw
Xom

Shops:
D:1 =

Annotations:
D:4 Ijyb


Innate Abilities, Weirdness & Mutations

You have extremely sharp teeth.
Your natural rate of healing is unusually fast.
When hurt, damage is shared between your health and your magic reserves.
Your bite disrupts and absorbs the magic of your enemies.
Potions cannot restore your health.


Message History

Your Stealth skill increases to level 6!
An iguana comes into view.
You see here a wand of paralysis (8).
You see here a wand of paralysis (8).
l - a wand of paralysis (8)
Found 9 gold pieces.
You now have 75 gold pieces (gained 17).
Ijyb the Twisted Goblin comes into view.
She is wielding a +0 dagger and carrying a wand of mindburst (21).
Found 9 gold pieces.
Ijyb shouts!
Ijyb drinks a potion.
Ijyb flickers and vanishes!
Deactivating autopickup; reactivate with Ctrl-A.
You see here 9 gold pieces.
You hear a zap.
Your mind is blasted!
Ouch! That really hurt!
* * * LOW HITPOINT WARNING * * *
A quokka comes into view.
You see here 9 gold pieces.
Okay, then.
As you read the scroll labelled IWUAGI GUNWOTH, it crumbles to dust.
You feel a surge of unholy energy.
Something is bathed in an unholy light!
The quokka convulses!
It was a scroll of torment.
You hear a zap.
Something tries to affect you, but you resist.
As you read the scroll labelled ASUUXISHIF, it crumbles to dust.
The scroll dissolves into smoke.
It was a scroll of fog.
You are too injured to fight recklessly!
You hear a zap.
Your mind is blasted!
You hear a zap.
Your mind is blasted!
Ouch! That really hurt!
* * * LOW HITPOINT WARNING * * *
You hear a zap.
Your mind is blasted!
You hear a zap.
Your mind is blasted!
Ouch! That really hurt!
You die...

#.# ###.........# #.#
#.........#
##.#######.........#
##.......#..........#
#########............l.
...### #.#.#.......###
##.# #.#.######### #.
#.#.###### #.
#.#....@.# #.
#.######.# #......#.#
#......#.# #......#.#
#......#.# #......#.#
#......#.# ######.#.#


There were no monsters in sight!

Vanquished Creatures
  4 gnolls (D:3)
  A howler monkey skeleton (D:4)
  2 adders
  2 worms (D:2)
  3 dart slugs
  2 orcs (D:3)
  4 ball pythons
  3 bats
  6 endoplasms
  A giant cockroach (D:2)
  5 hobgoblins
  4 jackals (D:3)
  5 quokkas
  5 frilled lizards
  3 goblins (D:1)
  5 kobolds
  3 rats
58 creatures vanquished.

Notes
Turn   | Place    | Note
-------+----------+-------------------------------------------
     0 | D:1      | AlleluiaPinecone the Vine Stalker Brigand began the quest
                  | for the Orb.
     0 | D:1      | Reached XP level 1. HP: 11/11 MP: 2/2
    48 | D:1      | Reached skill level 5 in Stealth
   135 | D:1      | Found a faded altar of an unknown god.
   168 | D:1      | Became a worshipper of Uskayaw the Reveller
   168 | D:1      | Reached * piety under Uskayaw
   269 | D:1      | Found Gitu's Jewellery Shoppe.
   310 | D:1      | Reached XP level 2. HP: 14/15 MP: 3/3
   651 | D:1      | Reached ** piety under Uskayaw
   785 | D:1      | Reached XP level 3. HP: 12/18 MP: 2/4
  1453 | D:2      | Found a shimmering altar of Xom.
  2190 | D:2      | Gained mutation: Your natural rate of healing is unusually
                  | fast. [Vine Stalker growth]
  2190 | D:2      | Reached XP level 4. HP: 15/23 MP: 5/5
  2369 | D:3      | Found a shimmering blue altar of Sif Muna.
  2369 | D:3      | Found a hazy altar of Hepliaklqana.
  2593 | D:3      | Reached skill level 1 in Dodging
  2624 | D:3      | Reached skill level 1 in Armour
  2673 | D:3      | Reached *** piety under Uskayaw
  2705 | D:3      | Reached XP level 5. HP: 16/26 MP: 4/6
  2711 | D:3      | Reached **** piety under Uskayaw
  2862 | D:4      | Reached skill level 6 in Stealth
  2882 | D:4      | Noticed Ijyb
  2886 | D:4      | HP: 1/26 [disintegration (25)]
  2925 | D:4      | Blown up by Ijyb

Illustrated notes

Levels and vault maps discovered:
D:1:      roderic_octagonal_star, layout_rooms, ebering_ecumenical_altar_box,
          serial_shops, nicolae_shop_stone
D:2:      layout_basic, basic_altar, serial_park_tiny_pond
D:3:      layout_rooms, grunt_temple_overflow_open, st_stairs_4, minmay_between
D:4:      layout_basic, serial_co_window_serial, co_window_of_opportunity_a,
          co_window_paths_b, co_window_of_opportunity_a, co_window_paths_b,
          co_window_of_opportunity_a, co_window_paths_b, co_window_paths_a,
          co_window_corner_a, co_window_of_opportunity_a,
          co_window_of_opportunity_b, co_window_2corner, co_window_corner_b,
          co_window_corner_b, co_window_2corner, co_window_paths_d,
          glass_columns_a, glass_columns_a, glass_columns_c, serial_shops, shop,
          uniq_duvessa, uniq_ijyb

Skill      XL: |  1  2  3  4  5 |
---------------+----------------+-----
Stealth        | 5 6 |  6.0
Fighting       | 2 |  2.3
Short Blades   | 2 |  2.9
Throwing       | 2 |  2.0
Dodging        | 1 |  1.1
Armour         | 1 |  1.3

Action                   |  1- 3 |  4- 6 || total
-------------------------+-------+-------++-------
Melee: Dagger            |   130 |    84 ||   214
       Bite              |    33 |    24 ||    57
  Use: Scroll            |     4 |     2 ||     6
 Stab: Sleeping          |     1 |     3 ||     4
Armor: Scale mail        |    53 |    24 ||    77
       Robe              |     1 |       ||     1
Dodge: Dodged            |    47 |    48 ||    95

Table legend: (Time is in decaauts)
 A = Elapsed time spent in this place.
 B = Non-inter-level travel time spent in this place.
 C = Inter-level travel time spent in this place.
 D = Time resting spent in this place.
 E = Time spent auto-exploring this place.
 F = Levels seen in this place.
 G = Mean time per level.
                   A        B        C        D        E       F      G
               +--------+--------+--------+--------+--------+-----+--------+
         Total |   2906 |   2841 |     65 |    299 |   1954 |   4 |  726.5 |
       Dungeon |   2906 |   2841 |     65 |    299 |   1954 |   4 |  726.5 |
               +--------+--------+--------+--------+--------+-----+--------+

Top non-repeatable levels by time:
     D:2: 1377 daAuts
     D:1: 978 daAuts
     D:3: 474 daAuts
     D:4: 75 daAuts
